 Dungeon Crawl Stone Soup version 0.27-a0-328-g7f782ed93a (webtiles) character file.

Game seed: 9306792667979973628

292 inc the Stinger (level 6, 0/24 HPs)
             Began as a Felid Venom Mage on Feb 11, 2021.
             Was a Follower of Ru.
             Succumbed to a water moccasin's poison
             ... on level 4 of the Dungeon.
             The game lasted 00:08:53 (4779 turns).

inc the Stinger (Felid Venom Mage)                  Turns: 4779, Time: 00:08:54

Health: 0/24       AC:  4    Str:  4    XL:     6   Next: 10%
Magic:  6/10       EV: 17    Int: 18    God:    Ru [*.....]
Gold:   167        SH:  0    Dex: 15    Spells: 6/9 levels left
                                        Lives:  0   Deaths: 1

rFire    . . .     SeeInvis +   (weapon unavailable)
rCold    . . .     Faith    .   (shield unavailable)
rNeg     . . .     Spirit   .   (armour unavailable)
rPois    .         Reflect  .   (helmet unavailable)
rElec    .         Harm     .   (cloak unavailable)
rCorr    .         Rampage  .   (gloves unavailable)
Will     .....                  (boots unavailable)
Stlth    ++++......             (no amulet)
HPRegen  0.08/turn              (no ring)
MPRegen  0.12/turn              (no ring)

@: mighty, lethally poisoned (0 -> -4), quick
A: very small, no armour, no weapons or thrown items, stealth, claws 1, fangs 3,
thin metallic scales 1, camouflage 1, see invisible, clumsy 1, speed 1, shaggy
fur 2, inability to read while threatened, sharp paws
a: Renounce Religion


You were on level 4 of the Dungeon.
You worshipped Ru.
Ru was aware of your devotion.
You visited 1 branch of the dungeon, and saw 4 of its levels.

You collected 167 gold pieces.

Inventory:

Jewellery
 k - a ring of protection from fire {unknown}
Scrolls
 b - 4 scrolls of identify {unknown}
 c - a scroll of enchant weapon {unknown}
 d - a scroll of noise {unknown}
 g - 3 scrolls of amnesia {unknown}
 h - 2 scrolls of fear {unknown}
 i - a scroll of teleportation {unknown}


   Skills:
 - Level 2.6 Dodging
 - Level 2.6 Stealth
 - Level 2.0 Spellcasting
 - Level 1.1 Transmutations
 + Level 7.1 Poison Magic


You had 6 spell levels left.
You knew the following spells:

 Your Spells              Type           Power        Failure   Level
a - Sting                 Tmut/Pois      64%          3%          1
b - Poisonous Vapours     Pois/Air       28%          6%          2

Your spell library contained the following spells:

 Spells                   Type           Power        Failure   Level
 Olgreb's Toxic Radiance  Pois           27%          10%         4
 Ignite Poison            Fire/Tmut/Pois 11%          17%         3
 Mephitic Cloud           Conj/Pois/Air  10%          21%         3


Dungeon Overview and Level Annotations

Branches:
Dungeon (4/15)
 Temple: D:4-7

Altars:
Ru
Trog
Yredelemnul
Zin


Innate Abilities, Weirdness & Mutations

You cannot wear armour.
You are incapable of wielding weapons or throwing items.
Your paws allow you to move quietly. (Stealth)
You have sharp claws.
You have razor-sharp teeth.
You have supernaturally acute eyesight. (SInv)
You cover ground quickly.
You are covered in thick fur. (AC +2)
You cannot read scrolls while threatened.
Your sharp claws are effective at attacking unaware monsters.
You are partially covered in thin metallic scales. (AC +2)
Your skin changes colour to match your surroundings (Stealth+).
You are clumsy. (Dex -2)


Message History

The water moccasin poisons you!
You scratch the water moccasin but do no damage.
You bite the water moccasin.
The water moccasin is almost dead.
* * * LOW HITPOINT WARNING * * *
You feel sick.
The water moccasin bites you but does no damage.
Casting: Sting (safe; 3% risk of failure)
Confirm with . or Enter, or press ? or * to list all spells.
Aiming: Sting (safe; 3% risk of failure)
Press: ? - help, Shift-Dir - straight line, f/p - water moccasin
Aim: a water moccasin (almost dead, very poisoned, 43% to evade)
The sting hits the water moccasin.
The water moccasin partially resists.
The water moccasin looks even sicker.
The water moccasin is almost dead.
* * * LOW HITPOINT WARNING * * *
You feel sick.
You kill the water moccasin!
Your Poison Magic skill increases to level 7!
Welcome back to level 6!
* * * LOW HITPOINT WARNING * * *
You feel sick.
Okay, then.
It was a potion of might.
You feel very mighty all of a sudden.
* * * LOW HITPOINT WARNING * * *
You feel sick.
Unknown command.
You can read scrolls again.
* * * LOW HITPOINT WARNING * * *
You feel sick.
There is a lethal amount of poison in your body!
There is a lethal amount of poison in your body!
* * * LOW HITPOINT WARNING * * *
You feel sick.
* * * LOW HITPOINT WARNING * * *
You feel sick.
* * * LOW HITPOINT WARNING * * *
You feel sick.
You die...

#.#..#......#.#.####.##.###.#.#
#.#.........#.#.##......# ..#.#
#.##.######.#.#.##......#.###.##
.....#[.....#.#.##......#......#
#....#......#.#.####.##.#......#
.................# #?##.#......#
...<.............# #.##.#......#
####(######......###.##.#......#
#.# #.....@....##+#.###.## ...
#......#####.....##.# .....
#......# #.....##.# ......
#.##########........### #######
#.....(...........#†...
############......#S...
#......#.... ......#.#.#....
#####.#.#.(....


There were no monsters in sight!

Vanquished Creatures
  A water moccasin (D:4)
  A sky beast (D:2)
  A hound (D:4)
  An orc priest (D:3)
  Crazy Yiuf (D:2)
  Jessica (D:2)
  Terence (D:2)
  3 adders
  2 oozes
  5 worms
  2 leopard geckos
  11 orcs
  3 giant cockroaches
  9 goblins
  5 hobgoblins
  9 jackals
  A quokka (D:2)
  8 bats
  3 frilled lizards
  10 kobolds
  6 rats
84 creatures vanquished.

Vanquished Creatures (others)
  A fungus (D:2)
  A plant (D:1)
2 creatures vanquished.

Grand Total: 86 creatures vanquished

Notes
Turn   | Place    | Note
-------+----------+-------------------------------------------
     0 | D:1      | inc the Felid Venom Mage began the quest for the Orb.
     0 | D:1      | Reached XP level 1. HP: 7/7 MP: 4/4
   219 | D:1      | Reached skill level 3 in Poison Magic
   428 | D:1      | Reached XP level 2. HP: 11/11 MP: 3/6
  1453 | D:2      | Noticed a sky beast
  1507 | D:2      | Killed a sky beast
  1508 | D:2      | Reached skill level 5 in Poison Magic
  1508 | D:2      | Reached XP level 3. HP: 2/14 MP: 3/7
  1508 | D:2      | Reached XP level 4. HP: 3/18 MP: 3/8
  1910 | D:2      | Found a sacrificial altar of Ru.
  1931 | D:2      | Became a worshipper of Ru the Awakened
  2010 | D:2      | Noticed Jessica
  2012 | D:2      | Killed Jessica
  2013 | D:2      | Reached XP level 5. HP: 21/21 MP: 6/9
  2244 | D:2      | Found a faded altar of an unknown god.
  2565 | D:2      | Noticed Terence
  2583 | D:2      | Killed Terence
  2833 | D:2      | Found a glowing silver altar of Zin.
  2833 | D:2      | Noticed an angel
  3119 | D:2      | Learned a level 2 spell: Poisonous Vapours
  3141 | D:2      | Found a runed translucent door.
  3142 | D:2      | Noticed Crazy Yiuf
  3166 | D:2      | Killed Crazy Yiuf
  3167 | D:2      | Reached skill level 6 in Poison Magic
  3366 | D:3      | Gained mutation: You are covered in thick fur. (AC +2)
                  | [Felid growth]
  3366 | D:3      | Reached XP level 6. HP: 24/24 MP: 1/10
  4166 | D:3      | Found a basalt altar of Yredelemnul.
  4166 | D:3      | Found a bloodstained altar of Trog.
  4193 | D:3      | Gained mutation: You cannot read scrolls while threatened.
                  | [Ru sacrifice]
  4193 | D:3      | Reached * piety under Ru
  4700 | D:4      | Noticed a water moccasin
  4721 | D:4      | Gained mutation: You are partially covered in thin metallic
                  | scales. (AC +2) [potion of mutation]
  4721 | D:4      | Gained mutation: You are clumsy. (Dex -2) [potion of
                  | mutation]
  4721 | D:4      | Gained mutation: Your skin changes colour to match your
                  | surroundings (Stealth+). [potion of mutation]
  4721 | D:4      | HP: 1/24 [poisoned by a water moccasin]
  4726 | D:4      | Slain by a water moccasin
  4727 | D:4      | Reached XP level 5. HP: -4/21 MP: 1/9
  4764 | D:4      | Killed a water moccasin
  4765 | D:4      | Reached skill level 7 in Poison Magic
  4765 | D:4      | Reached XP level 6. HP: 6/24 MP: 5/10
  4776 | D:4      | HP: 1/24 [poisoned by a water moccasin]
  4779 | D:4      | Succumbed to a water moccasin's poison

Illustrated notes

Levels and vault maps discovered:
D:1:      dpeg_chamrin_arrival_tetris, layout_loops_ring, serial_forest,
          infiniplex_forest_clump_small, infiniplex_forest_clump_small,
          infiniplex_forest_clump_small, infiniplex_forest_split,
          infiniplex_forest_straight_2, infiniplex_forest_lined_corner,
          infiniplex_forest_lined_4_way, st_stairs_14
D:2:      layout_loops_ring, zin_angel, nicolae_ru_great_annihilating_truth,
          chequers_ecumenical_altar_simple_redux, serial_park_tiny_1,
          uniq_terence, uniq_jessica, uniq_crazy_yiuf_cottage
D:3:      layout_loops_ring, gammafunk_temple_overflow_wave
D:4:      layout_basic

Skill      XL: |  1  2  3  4  5 |
---------------+----------------+-----
Poison Magic   | 3 5 7 |  7.1
Dodging        | |  2.6
Stealth        | |  2.6
Spellcasting   | |  2.0
Transmutations | |  1.1

Action                   |  1- 3 |  4- 6 || total
-------------------------+-------+-------++-------
Melee: Unarmed           |    21 |    15 ||    36
       Bite              |     5 |     4 ||     9
 Cast: Sting             |    37 |   162 ||   199
Invok: Sacrifice Words   |       |     1 ||     1
  Use: Potion            |       |     5 ||     5
 Stab: Sleeping          |     1 |       ||     1
Armor: Skin              |     2 |     4 ||     6
Dodge: Dodged            |    14 |    65 ||    79

Table legend: (Time is in decaauts)
 A = Elapsed time spent in this place.
 B = Non-inter-level travel time spent in this place.
 C = Inter-level travel time spent in this place.
 D = Time resting spent in this place.
 E = Time spent auto-exploring this place.
 F = Levels seen in this place.
 G = Mean time per level.
                   A        B        C        D        E       F      G
               +--------+--------+--------+--------+--------+-----+--------+
         Total |   4248 |   4171 |     77 |    984 |   2393 |   4 | 1062.0 |
       Dungeon |   4248 |   4171 |     77 |    984 |   2393 |   4 | 1062.0 |
               +--------+--------+--------+--------+--------+-----+--------+

Top non-repeatable levels by time:
     D:2: 1643 daAuts
     D:1: 1212 daAuts
     D:3: 1208 daAuts
     D:4: 184 daAuts
